 Dungeon Crawl Stone Soup version 0.26-a0-389-g5bc9781 (webtiles) character file.

Game seed: 6901060476054830338

1141 Cheivey the Chopper (level 8, -2/67 HPs)
             Began as a Ghoul Fighter on July 21, 2020.
             Was an Initiate of Makhleb.
             Slain by an orc wizard
             ... wielding a +0 dagger
              (3 damage)
             ... on level 5 of the Dungeon on July 22, 2020.
             The game lasted 00:06:21 (3880 turns).

Cheivey the Chopper (Ghoul Fighter)                 Turns: 3880, Time: 00:06:22

Health: -2/67      AC:  8    Str: 21    XL:     8   Next: 37%
Magic:  7/7        EV:  8    Int:  3    God:    Makhleb [......]
Gold:   286        SH: 11    Dex:  9    Spells: 7/7 levels left

rFire    + . .     SeeInvis .   a - +0 war axe
rCold    + + .     Faith    +   c - +2 kite shield
rNeg     + + +     Spirit   .   b - +0 scale mail
rPois    ∞         Reflect  .   (no helmet)
rElec    +         Harm     .   g - +0 cloak
rCorr    +                      (no gloves)
MR       .....                  (no boots)
Stlth    ..........             p - amulet of faith
HPRegen  0.00/turn              (no ring)
MPRegen  0.10/turn              (no ring)

@: resistant
A: rotting body, claws 1, cold resistance 1, negative energy resistance 3,
inhibited regeneration, torment resistance, unbreathing
a: Renounce Religion


You were on level 5 of the Dungeon.
You worshipped Makhleb.
Makhleb was noncommittal.
You visited 1 branch of the dungeon, and saw 5 of its levels.

You collected 286 gold pieces.

Inventory:

Hand Weapons
 a - a +0 war axe (weapon)
 h - the +10 dagger "Jofuog" {holy, rElec rF++ Int-5, unknown}
   (You found it on level 5 of the Dungeon)

   It has been blessed by the Shining One to cause great damage to the undead
   and demons.
   It affects your intelligence (-5).
   It greatly protects you from fire.
   It insulates you from electricity.
Armour
 b - a +0 scale mail (worn)
 c - a +2 kite shield (worn)
 g - a +0 cloak (worn)
Jewellery
 p - an amulet of faith (around neck)
Scrolls
 l - 2 scrolls of remove curse
 m - a scroll of teleportation
Potions
 d - 2 potions of brilliance
 f - 2 potions of stabbing
 j - a potion of degeneration
 n - a potion of haste


   Skills:
 + Level 4.5 Fighting
 + Level 5.8 Axes
 + Level 4.7 Armour
 + Level 2.1 Dodging
 + Level 0.9 Stealth
 + Level 5.0 Shields


You had 7 spell levels left.
You didn't know any spells.
Your spell library contained the following spells:

 Spells                   Type           Power        Failure   Level
 Beastly Appendage        Tmut           Unusable     N/A         1
 Wereblood                Tmut           Unusable     N/A         2
 Spider Form              Tmut/Pois      Unusable     N/A         3
 Ice Form                 Ice/Tmut       Unusable     N/A         4
 Blade Hands              Tmut           Unusable     N/A         5

Dungeon Overview and Level Annotations

Branches:
Dungeon (5/15)
 Temple: D:4-7

Altars:
Makhleb
Yredelemnul

Annotations:
D:3 1 runed translucent door


Innate Abilities, Weirdness & Mutations

Your body is rotting away.
You thrive by killing the living.
You are immune to poison.
You have sharp fingernails.
Your flesh is cold resistant. (rC+)
You are immune to negative energy. (rN+++)
You do not regenerate when monsters are visible.
You are immune to unholy pain and torment.
You can survive without breathing.


Message History

A puff of flame appears from out of thin air!
The puff of flame hits you but does no damage.
You bump into the rock wall.
The orc warrior hits you with a +0 scimitar!
Something hits you. The orc hits you with a +0 flail!
* * * LOW HITPOINT WARNING * * *
You bump into the rock wall.
An ogre comes into view. It is wielding a +0 giant spiked club.
The orc hits you with a +0 club.
* * * LOW HITPOINT WARNING * * *
The orc warrior hits you with a +0 scimitar!
* * * LOW HITPOINT WARNING * * *
Something hits you but does no damage.
You bump into the rock wall.
You feel less confused.
The ogre shouts!
You block the orc's attack. The orc hits you but does no damage.
An orc comes into view. It is wielding a +0 dagger.
Something hits you.
You die...

.# .. #.# ...#.# #.#
...#..# #.# .......
##†########
.≈≈≈≈≈.#####...#......
.≈≈≈≈≈..#....#(..#
.≈≈≈≈≈..#$##)..#######
.≈≈≈≈≈...Zo{o#........
.......##.##@o.#######
.Z≈≈≈≈. #.###o##
≈.≈≈≈≈. #.##.o.#
≈.≈≈≈≈. #.##....O
≈.≈≈≈≈. #.##...##o#
≈.≈≈≈≈. #.###### #
....... ...


You could see an orc warrior, an ogre, 5 orcs and a quokka skeleton.

Vanquished Creatures
  Grinder (D:3)
  Sigmund (D:2)
  Eustachio (D:4)
  Menkaure (D:5)
  A howler monkey (D:5)
  A bullfrog skeleton (D:4)
  An orc priest (D:4)
  A hound (D:5)
  A jelly (D:5)
  A centaur skeleton (D:5)
  Natasha (twice) (D:3)
  An iguana (D:5)
  An orc wizard (D:4)
  A hound skeleton (D:4)
  10 adders
  An ooze (D:2)
  7 worms
  3 dart slugs
  6 leopard geckos
  16 orcs
  9 bats
  5 giant cockroaches
  7 goblins
  9 hobgoblins
  3 quokkas
  3 ball pythons
  4 frilled lizards
  A goblin skeleton (D:3)
  7 kobolds
  5 rats
111 creatures vanquished.

Notes
Turn   | Place    | Note
-------+----------+-------------------------------------------
     0 | D:1      | Cheivey the Ghoul Fighter began the quest for the Orb.
     0 | D:1      | Reached XP level 1. HP: 19/19 MP: 0/0
   252 | D:1      | Reached XP level 2. HP: 26/26 MP: 1/1
   429 | D:1      | Reached XP level 3. HP: 31/31 MP: 2/2
  1131 | D:2      | Reached XP level 4. HP: 38/38 MP: 3/3
  1698 | D:2      | Reached XP level 5. HP: 46/46 MP: 4/4
  1947 | D:2      | Noticed Sigmund
  1964 | D:2      | Killed Sigmund
  1964 | D:2      | Reached skill level 1 in Dodging
  1964 | D:2      | Reached XP level 6. HP: 47/52 MP: 5/5
  2175 | D:3      | Noticed Natasha
  2187 | D:3      | Killed Natasha
  2191 | D:3      | Noticed Grinder
  2200 | D:3      | Paralysed by Grinder for 3 turns
  2212 | D:3      | Paralysed by Grinder for 5 turns
  2219 | D:3      | Killed Grinder
  2219 | D:3      | Reached XP level 7. HP: 37/59 MP: 6/6
  2446 | D:3      | Noticed Natasha
  2454 | D:3      | Killed Natasha
  2657 | D:3      | Found a runed translucent door.
  2657 | D:3      | Noticed a human
  2666 | D:3      | Found a basalt altar of Yredelemnul.
  3088 | D:4      | Noticed Eustachio
  3120 | D:4      | Killed Eustachio
  3120 | D:4      | Reached skill level 5 in Axes
  3408 | D:4      | Reached XP level 8. HP: 56/67 MP: 7/7
  3676 | D:5      | Entered Level 5 of the Dungeon
  3695 | D:5      | Found a burning altar of Makhleb.
  3714 | D:5      | Became a worshipper of Makhleb the Destroyer
  3803 | D:5      | Got an ichor-stained dagger
  3830 | D:5      | Noticed Menkaure
  3836 | D:5      | Killed Menkaure
  3868 | D:5      | Reached skill level 5 in Shields
  3879 | D:5      | HP: 1/67 [orc warrior/+0 scimitar (13)]
  3880 | D:5      | Slain by an orc wizard

Illustrated notes

Levels and vault maps discovered:
D:1:      lightli_arrival_boilingwater, layout_rooms
D:2:      layout_loops_corners, minmay_heptomino_h4, uniq_sigmund
D:3:      layout_loops_ring, dk_yredelemnul_ordeal, uniq_grinder, uniq_natasha
D:4:      layout_basic, uniq_eustachio
D:5:      layout_loops_ring, gammafunk_temple_overflow_forgotten,
          makhleb_heckhound_becter, corexii_checkpoint_a, minivault_14,
          uniq_menkaure

Skill      XL: |  1  2  3  4  5  6  7  8 |
---------------+-------------------------+-----
Axes           | 2 3 4 5 |  5.8
Armour         | 3 4 |  4.7
Shields        | 3 4 5 |  5.0
Dodging        | 1 2 |  2.1
Fighting       | 4 |  4.5
Stealth        | |  0.9

Action                   |  1- 3 |  4- 6 |  7- 9 || total
-------------------------+-------+-------+-------++-------
Melee: War axe           |    99 |   155 |   205 ||   459
  Use: Scroll            |     6 |       |     9 ||    15
       Potion            |       |     2 |     6 ||     8
Armor: Scale mail        |    52 |    56 |    81 ||   189
Dodge: Dodged            |    33 |    50 |    71 ||   154
Block: Kite shield       |    46 |    70 |   140 ||   256

Table legend: (Time is in decaauts)
 A = Elapsed time spent in this place.
 B = Non-inter-level travel time spent in this place.
 C = Inter-level travel time spent in this place.
 D = Time resting spent in this place.
 E = Time spent auto-exploring this place.
 F = Levels seen in this place.
 G = Mean time per level.
                   A        B        C        D        E       F      G
               +--------+--------+--------+--------+--------+-----+--------+
         Total |   4066 |   3905 |    161 |      0 |   2907 |   5 |  813.2 |
       Dungeon |   4066 |   3905 |    161 |      0 |   2907 |   5 |  813.2 |
               +--------+--------+--------+--------+--------+-----+--------+
Top levels by time: D:2: 1457 daAuts D:3: 871 daAuts D:4: 825 daAuts D:1: 694 daAuts D:5: 218 daAuts
